PL
THUNDER BAY NORTHERN LIONS BC @ RICHARDSON CITY THUNDERCATS
06/12/2027
 
TOP OF THE 1ST
Thunder Bay Northern Lions BC batting - Pitching for Richardson City Thundercats : RHP Emílio Zaragoza
Pitching: RHP Emílio Zaragoza
Batting: SHB Terumoto Kurihara 0-0: Ground out 6-3 (Groundball, 6)
Batting: SHB Orlando Miranda 0-0: Ball
1-0: Swinging Strike
1-1: DOUBLE (Line Drive, 3D)
Batting: RHB Wilfred McLaughlin 0-0: Ball
1-0: Ball
2-0: Called Strike
2-1: Swinging Strike
2-2: Ball
3-2: Strikes out looking
Batting: LHB David Smith 0-0: Ball
1-0: Fly out, F9 (Flyball, 9S)
Top of the 1st over - 0 run(s), 1 hit(s), 0 error(s), 1 left on base; Thunder Bay 0 - Richardson City 0
BOTTOM OF THE 1ST
Richardson City Thundercats batting - Pitching for Thunder Bay Northern Lions BC : RHP Rafael Cardona
Pitching: RHP Rafael Cardona
Batting: SHB Mitch Qualtrough 0-0: Ground out 4-3 (Groundball, 4)
Batting: RHB Joey Jones 0-0: Ball
1-0: Ball
2-0: Fly out, F9 (Flyball, 9)
Batting: LHB Fernando Ramírez 0-0: Called Strike
0-1: Called Strike
0-2: Strikes out swinging
Bottom of the 1st over - 0 run(s), 0 hit(s), 0 error(s), 0 left on base; Thunder Bay 0 - Richardson City 0
TOP OF THE 2ND
Thunder Bay Northern Lions BC batting - Pitching for Richardson City Thundercats : RHP Emílio Zaragoza
Batting: SHB Carlos Rodríguez 0-0: Ball
1-0: Ball
2-0: Called Strike
2-1: Ground out 4-3 (Groundball, 4)
Batting: RHB Carlos Padilla 0-0: SINGLE (Groundball, 6MD)
Batting: RHB Ray John 0-0: Called Strike
0-1: Foul Ball, location: 2F
0-2: Fly out, F9 (Flyball, 9LM)
Batting: LHB Cole Thrash 0-0: Foul Ball, location: 2F
0-1: Ball
1-1: Ground out 3-1 (Groundball, 34)
Top of the 2nd over - 0 run(s), 1 hit(s), 0 error(s), 1 left on base; Thunder Bay 0 - Richardson City 0
BOTTOM OF THE 2ND
Richardson City Thundercats batting - Pitching for Thunder Bay Northern Lions BC : RHP Rafael Cardona
Batting: LHB Terrence Eler 0-0: SOLO HOME RUN (Flyball, 9D), Distance : 513 ft
Batting: RHB Alden Wiley 0-0: Called Strike
0-1: Fly out, F1 (Line Drive, 13)
Batting: RHB Javier Rivera 0-0: Called Strike
0-1: Called Strike
0-2: DOUBLE (Flyball, 78XD)
Batting: RHB Tomás Martínez 0-0: Swinging Strike
0-1: Called Strike
0-2: Strikes out swinging
Batting: RHB José Cruz 0-0: Ball
1-0: Foul Ball, location: 2F
1-1: Foul Ball, location: 2F
1-2: Foul Ball, location: 2F
1-2: Ball
2-2: Ball
3-2: Foul Ball, location: 2F
3-2: Base on Balls
Batting: LHB Carroll Martin 0-0: Ground out 4-3 (Groundball, 4D)
Bottom of the 2nd over - 1 run(s), 2 hit(s), 0 error(s), 2 left on base; Thunder Bay 0 - Richardson City 1
TOP OF THE 3RD
Thunder Bay Northern Lions BC batting - Pitching for Richardson City Thundercats : RHP Emílio Zaragoza
Batting: LHB Ramón Gómez 0-0: Swinging Strike
0-1: DOUBLE (Groundball, 5L)
Batting: SHB Terumoto Kurihara 0-0: Ground out 4-3 (Groundball, 4)
Ramón Gómez to third
Batting: SHB Orlando Miranda 0-0: Ball
1-0: Called Strike
1-1: Ball
2-1: Foul Ball, location: 2F
2-2: Ball
3-2: Foul Ball, location: 2F
3-2: SINGLE (Groundball, 4MD)
Ramón Gómez scores
Batting: RHB Wilfred McLaughlin Pickoff Throw to First - Error! E1
Orlando Miranda to second
0-0: Called Strike
0-1: Ball
1-1: Ball
2-1: Foul Ball, location: 2F
2-2: Ground out 5-3 (Groundball, 56)
Batting: LHB David Smith 0-0: Foul Ball, location: 2F
0-1: Ball
1-1: Foul Ball, location: 2F
1-2: Ball
2-2: SINGLE (Line Drive, 78M)
Orlando Miranda to third
Runner from 3rd tries for Home, SAFE, no throw
Batting: SHB Carlos Rodríguez 0-0: Called Strike
0-1: SINGLE (Groundball, 4MD)
David Smith to second
Batting: RHB Carlos Padilla 0-0: Ball
1-0: SINGLE (Groundball, 34D)
David Smith to third
Carlos Rodríguez to second
Runner from 3rd tries for Home, SAFE, no throw
Batting: RHB Ray John 0-0: Foul Ball, location: 2F
0-1: Ball
1-1: Foul Ball, location: 2F
1-2: Fly out, F8 (Flyball, 8RM)
Top of the 3rd over - 3 run(s), 5 hit(s), 1 error(s), 2 left on base; Thunder Bay 3 - Richardson City 1
BOTTOM OF THE 3RD
Richardson City Thundercats batting - Pitching for Thunder Bay Northern Lions BC : RHP Rafael Cardona
Batting: SHB Mitch Qualtrough 0-0: Called Strike
0-1: Ball
1-1: TRIPLE (Line Drive, 3D)
Batting: RHB Joey Jones 0-0: Foul Ball, location: 2F
0-1: Ball
1-1: DOUBLE (Groundball, 3L)
Mitch Qualtrough scores
Batting: LHB Fernando Ramírez 0-0: Foul Ball, location: 2F
0-1: Ball
1-1: Reached on error, E3 (Groundball, 34)
Joey Jones to third
Batting: LHB Terrence Eler 0-0: Called Strike
0-1: Ball
1-1: Ball
2-1: Ball
3-1: Base on Balls
Fernando Ramírez to second
Batting: RHB Alden Wiley 0-0: Ball
1-0: Ball
2-0: Foul Ball, location: 2F
2-1: Called Strike
2-2: Strikes out swinging
Batting: RHB Javier Rivera 0-0: Foul Ball, location: 2F
0-1: Ball
1-1: Fly out, F8 (Flyball, 8LD)
Runner from 3rd tags up, SCORES, no throw
Batting: RHB Tomás Martínez 0-0: Swinging Strike
0-1: Called Strike
0-2: Ball
1-2: Strikes out swinging
Bottom of the 3rd over - 2 run(s), 2 hit(s), 1 error(s), 2 left on base; Thunder Bay 3 - Richardson City 3
TOP OF THE 4TH
Thunder Bay Northern Lions BC batting - Pitching for Richardson City Thundercats : RHP Emílio Zaragoza
Batting: LHB Cole Thrash 0-0: Called Strike
0-1: Ground out 4-3 (Groundball, 4M)
Batting: LHB Ramón Gómez 0-0: Ball
1-0: Foul Ball, location: 2F
1-1: Ball
2-1: Ball
3-1: SINGLE (Line Drive, 34D)
Batting: SHB Terumoto Kurihara 0-0: Called Strike
0-1: Ball
1-1: Ball
2-1: Ball
3-1: SINGLE (Flyball, 8RS)
Ramón Gómez to second
Batting: SHB Orlando Miranda 0-0: Called Strike
0-1: Ball
1-1: Ball
2-1: Reached on error, E4 (Groundball, 34)
Ramón Gómez to third
Terumoto Kurihara to second
Batting: RHB Wilfred McLaughlin 0-0: Ball
1-0: Ball
2-0: Fly out, F5 (Line Drive, 5)
Batting: LHB David Smith 0-0: Foul Ball, location: 2F
0-1: Ball
1-1: Fielders Choice at 2nd, 4-6 (Groundball, 4)
Top of the 4th over - 0 run(s), 2 hit(s), 1 error(s), 2 left on base; Thunder Bay 3 - Richardson City 3
BOTTOM OF THE 4TH
Richardson City Thundercats batting - Pitching for Thunder Bay Northern Lions BC : RHP Rafael Cardona
Batting: RHB José Cruz 0-0: Foul Ball, location: 2F
0-1: Swinging Strike
0-2: TRIPLE (Line Drive, 5L)
Batting: LHB Carroll Martin 0-0: Ground out 4-3 (Groundball, 4)
José Cruz scores
Batting: SHB Mitch Qualtrough 0-0: Foul Ball, location: 2F
0-1: Ball
1-1: Called Strike
1-2: Strikes out looking
Batting: RHB Joey Jones 0-0: Called Strike
0-1: Fly out, F9 (Flyball, 9D)
Bottom of the 4th over - 1 run(s), 1 hit(s), 0 error(s), 0 left on base; Thunder Bay 3 - Richardson City 4
TOP OF THE 5TH
Thunder Bay Northern Lions BC batting - Pitching for Richardson City Thundercats : RHP Emílio Zaragoza
Batting: SHB Carlos Rodríguez 0-0: Ball
1-0: Foul Ball, location: 2F
1-1: Fly out, F4 (Popup, 4MD)
Batting: RHB Carlos Padilla 0-0: Ball
1-0: Ball
2-0: Fly out, F9 (Flyball, 9S)
Batting: RHB Ray John 0-0: SINGLE (Line Drive, 6D)
Batting: LHB Cole Thrash 0-0: Called Strike
0-1: Fielders Choice at 2nd, U6 (Groundball, 6M)
Top of the 5th over - 0 run(s), 1 hit(s), 0 error(s), 1 left on base; Thunder Bay 3 - Richardson City 4
BOTTOM OF THE 5TH
Richardson City Thundercats batting - Pitching for Thunder Bay Northern Lions BC : RHP Rafael Cardona
Batting: LHB Fernando Ramírez 0-0: Fly out, F8 (Flyball, 8RD)
Batting: LHB Terrence Eler 0-0: Ball
1-0: Called Strike
1-1: Swinging Strike
1-2: Foul Ball, location: 2F
1-2: SOLO HOME RUN (Flyball, 9D), Distance : 359 ft
Batting: RHB Alden Wiley 0-0: Swinging Strike
0-1: Ball
1-1: Ball
2-1: Fly out, F4 (Flyball, 34D)
Batting: RHB Javier Rivera 0-0: Called Strike
0-1: Ball
1-1: Foul Ball, location: 2F
1-2: Strikes out swinging
Bottom of the 5th over - 1 run(s), 1 hit(s), 0 error(s), 0 left on base; Thunder Bay 3 - Richardson City 5
TOP OF THE 6TH
Thunder Bay Northern Lions BC batting - Pitching for Richardson City Thundercats : RHP Emílio Zaragoza
Batting: LHB Ramón Gómez 0-0: Called Strike
0-1: Fly out, F8 (Line Drive, 8LM)
Batting: SHB Terumoto Kurihara 0-0: Ball
1-0: Foul Ball, location: 2F
1-1: Ball
2-1: Fly out, F7 (Flyball, 7)
Batting: SHB Orlando Miranda 0-0: Called Strike
0-1: Ground out 3-1 (Groundball, 34S)
Top of the 6th over - 0 run(s), 0 hit(s), 0 error(s), 0 left on base; Thunder Bay 3 - Richardson City 5
BOTTOM OF THE 6TH
Richardson City Thundercats batting - Pitching for Thunder Bay Northern Lions BC : RHP Rafael Cardona
Batting: RHB Tomás Martínez 0-0: Called Strike
0-1: Called Strike
0-2: Fly out, F8 (Flyball, 8LM)
Batting: RHB José Cruz 0-0: Ground out 6-3 (Groundball, 6MS)
Batting: LHB Carroll Martin 0-0: Called Strike
0-1: Foul Ball, location: 2F
0-2: SINGLE (Line Drive, 6MD)
Batting: SHB Mitch Qualtrough 0-0: Fielders Choice at 2nd, 4-6 (Groundball, 4)
Bottom of the 6th over - 0 run(s), 1 hit(s), 0 error(s), 0 left on base; Thunder Bay 3 - Richardson City 5
TOP OF THE 7TH
Thunder Bay Northern Lions BC batting - Pitching for Richardson City Thundercats : RHP Emílio Zaragoza
Batting: RHB Wilfred McLaughlin 0-0: Called Strike
0-1: Foul Ball, location: 2F
0-2: Fly out, F8 (Flyball, 8LS)
Pitching: RHP Dave Reed
Batting: LHB David Smith 0-0: Foul Ball, location: 2F
0-1: Ball
1-1: SINGLE (Groundball, 34D)
Batting: SHB Carlos Rodríguez 0-0: Called Strike
0-1: Swinging Strike
0-2: Strikes out swinging
Batting: RHB Carlos Padilla 0-0: Ball
1-0: SINGLE (Groundball, 3) (infield hit)
David Smith to second
Pinch Runner at 2nd Manny Valentín:
Batting: RHB Ray John 0-0: Ball
1-0: Foul Ball, location: 2F
1-1: Ball
2-1: Foul Ball, location: 2F
2-2: Strikes out looking
Top of the 7th over - 0 run(s), 2 hit(s), 0 error(s), 2 left on base; Thunder Bay 3 - Richardson City 5
BOTTOM OF THE 7TH
Richardson City Thundercats batting - Pitching for Thunder Bay Northern Lions BC : RHP Rafael Cardona
Batting: RHB Joey Jones 0-0: Called Strike
0-1: Ball
1-1: Fly out, F9 (Flyball, 9S)
Batting: LHB Fernando Ramírez 0-0: Called Strike
0-1: Foul Ball, location: 2F
0-2: Ball
1-2: Ball
2-2: SOLO HOME RUN (Line Drive, 9D), Distance : 378 ft
Batting: LHB Terrence Eler 0-0: Ball
1-0: Called Strike
1-1: Ball
2-1: Foul Ball, location: 2F
2-2: Ball
3-2: Base on Balls
Batting: RHB Alden Wiley 0-0: Called Strike
0-1: Fly out, F5 (Popup, 5S)
Batting: RHB Javier Rivera 0-0: Called Strike
0-1: Ball
1-1: Foul Ball, location: 2F
1-2: Ball
2-2: Fielders Choice at 2nd, 4-6 (Groundball, 4)
Bottom of the 7th over - 1 run(s), 1 hit(s), 0 error(s), 0 left on base; Thunder Bay 3 - Richardson City 6
TOP OF THE 8TH
Thunder Bay Northern Lions BC batting - Pitching for Richardson City Thundercats : RHP Dave Reed
Batting: LHB Cole Thrash 0-0: Called Strike
0-1: Ball
1-1: Ball
2-1: Foul Ball, location: 2F
2-2: Strikes out swinging
Batting: LHB Ramón Gómez 0-0: Called Strike
0-1: Called Strike
0-2: Foul Ball, location: 2F
0-2: Strikes out swinging
Batting: SHB Terumoto Kurihara 0-0: Ball
1-0: Ball
2-0: Called Strike
2-1: Ground out 4-3 (Groundball, 4S)
Top of the 8th over - 0 run(s), 0 hit(s), 0 error(s), 0 left on base; Thunder Bay 3 - Richardson City 6
BOTTOM OF THE 8TH
Richardson City Thundercats batting - Pitching for Thunder Bay Northern Lions BC : RHP Rafael Cardona
Batting: RHB Tomás Martínez 0-0: Called Strike
0-1: Swinging Strike
0-2: Foul Ball, location: 2F
0-2: Ball
1-2: Strikes out swinging
Batting: RHB José Cruz 0-0: Called Strike
0-1: Called Strike
0-2: SINGLE (Line Drive, 8LS)
Pitching: RHP Brandon Bannatyne
Batting: LHB Carroll Martin 0-0: SINGLE (Groundball, 4D)
José Cruz to second
Runner from 2nd tries for 3rd, SAFE, no throw
Batting: SHB Mitch Qualtrough 0-0: Called Strike
0-1: Ball
1-1: SINGLE (Line Drive, 8RS)
José Cruz scores
Carroll Martin to second
Batting: RHB Joey Jones 0-0: SINGLE (Flyball, 9LS)
Carroll Martin to third
Mitch Qualtrough to second
Batting: LHB Fernando Ramírez 0-0: Called Strike
0-1: GRAND SLAM HOME RUN (Flyball, 89XD), Distance : 415 ft
Pitching: LHP Norberto Quintana
Batting: LHB Terrence Eler 0-0: Ball
1-0: Ball
2-0: Foul Ball, location: 2F
2-1: Foul Ball, location: 2F
2-2: Foul Ball, location: 2F
2-2: Ball
3-2: Base on Balls
Batting: RHB Alden Wiley 0-0: Ball
1-0: Called Strike
1-1: Ball
2-1: Ball
3-1: Called Strike
3-2: Foul Ball, location: 2F
3-2: Base on Balls
Terrence Eler to second
Batting: RHB Javier Rivera 0-0: Ball
1-0: SINGLE (Groundball, 56) (infield hit)
Terrence Eler to third
Alden Wiley to second
Batting: RHB Tomás Martínez 0-0: Ball
1-0: Called Strike
1-1: Fly out, F8 (Flyball, 8RD)
Runner from 3rd tags up, SCORES, no throw
Alden Wiley to third
Batting: RHB José Cruz 0-0: Ground out 5-3 (Groundball, 56S)
Bottom of the 8th over - 6 run(s), 6 hit(s), 0 error(s), 2 left on base; Thunder Bay 3 - Richardson City 12
TOP OF THE 9TH
Thunder Bay Northern Lions BC batting - Pitching for Richardson City Thundercats : RHP Dave Reed
Batting: SHB Orlando Miranda 0-0: Called Strike
0-1: SINGLE (Groundball, 3S) (infield hit)
Batting: RHB Wilfred McLaughlin 0-0: Ball
1-0: Called Strike
1-1: Swinging Strike
1-2: Ball
2-2: Grounds into double play, 4-6-3 (Groundball, 4)
Batting: LHB Manny Valentín 0-0: Called Strike
0-1: SINGLE (Groundball, 56D)
Batting: SHB Carlos Rodríguez 0-0: Ball
1-0: Foul Ball, location: 2F
1-1: Ball
2-1: Called Strike
2-2: Ground out 4-3 (Groundball, 34D)
Top of the 9th over - 0 run(s), 2 hit(s), 0 error(s), 1 left on base; Thunder Bay 3 - Richardson City 12
Saturday, May 26th, 2018 - OOTP Baseball 17.12 Build 75